 Dungeon Crawl Stone Soup version 0.25.1-2-g60ff931df9 (webtiles) character file.

Game seed: 8856880393275748110

575493 gruber the Axe Maniac (level 25, -27/220 HPs)
             Began as a Deep Dwarf Fighter on Sept 27, 2020.
             Was the Champion of Makhleb.
             Killed from afar by an orb of fire (84 damage)
             ... with a fireball
             ... on level 1 of the Realm of Zot.
             The game lasted 01:19:33 (46402 turns).

gruber the Axe Maniac (Deep Dwarf Fighter)         Turns: 46402, Time: 01:19:33

Health: -27/220    AC: 40    Str: 37    XL:     25   Next: 77%
Magic:  33/33      EV: 20    Int:  9    God:    Makhleb [******]
Gold:   5536       SH: 31    Dex: 19    Spells: 24/24 levels left

rFire    . . .     SeeInvis .   Y - +9 broad axe (flame)
rCold    + . .     Gourm    .   J - +0 tower shield
rNeg     + . .     Faith    .   a - +8 crystal plate armour
rPois    +         Spirit   .   (no helmet)
rElec    +         Reflect  +   c - +2 cloak {Stlth+}
rCorr    +         Harm     .   e - +2 pair of gloves "Veczy" {Str+4}
MR       ++++.                  U - +0 pair of boots of Hangman {+Fly}
Stlth    ..........             y - amulet "Noetoeci" {Reflect Str+3 Dex+7 SH+5}
HPRegen  0.00/turn              q - ring "Yreux" {rPois EV+4 Dex+2}
MPRegen  0.23/turn              Z - ring "Tairris" {rElec rC+ MR+ rCorr Int-4}

@: non-regenerating, studying Summonings
A: damage resistance, heal wounds, talons 1, clever 1, clumsy 1, deformed body,
negative energy resistance 1, sense surroundings 3, no potion heal 1, subdued
magic 1, no regeneration
}: 3/15 runes: serpentine, barnacled, silver
a: Heal Wounds, Minor Destruction, Lesser Servant of Makhleb, Major Destruction,
Greater Servant of Makhleb, Renounce Religion, Evoke Flight


You were on level 1 of the Realm of Zot.
You worshipped Makhleb.
Makhleb was exalted by your worship.
You were full.

You visited 9 branches of the dungeon, and saw 41 of its levels.
You visited the Abyss 1 time.
You also visited: Gauntlet, Ice Cave, Wizlab and Desolation.

You collected 8638 gold pieces.
You spent 3102 gold pieces at shops.

Inventory:

Hand Weapons
 Y - a +9 broad axe of flaming (weapon)
Missiles
 Q - 26 javelins (quivered)
Armour
 a - a +8 crystal plate armour (worn)
 c - a +2 cloak of stealth (worn)
 e - the +2 pair of gloves "Veczy" (worn) {Str+4}
   (You acquired it on level 5 of the Depths)

   It affects your strength (+4).
 r - a +1 helmet of see invisible
 J - a +0 tower shield (worn)
 U - the +0 pair of boots of Hangman (worn) {+Fly}
   (You bought it in a shop on level 2 of the Orcish Mines)

   It lets you fly.
Jewellery
 q - the ring "Yreux" (left hand) {rPois EV+4 Dex+2}
   (You found it on level 4 of the Shoals)

   [ring of evasion]

   It affects your evasion (+4).
   It affects your dexterity (+2).
   It protects you from poison.
 y - the amulet "Noetoeci" (around neck) {Reflect Str+3 Dex+7 SH+5}
   (You found it in the Desolation of Salt)

   [amulet of reflection]

   It shields you and reflects attacks.
   It affects your strength (+3).
   It affects your dexterity (+7).
   It affects your SH (+5).
 z - the ring "Quts" {Ice rN+ MR+ Dex+4}
   (You found it in the Desolation of Salt)

   [ring of ice]

   It enhances your ice magic.
   It affects your dexterity (+4).
   It makes you vulnerable to fire.
   It protects you from cold.
   It protects you from negative energy.
   It affects your resistance to hostile enchantments.
 E - the ring of Tiutau {+Inv +Fly rPois Str+4 SInv}
   (You found it in the Desolation of Salt)

   [ring of poison resistance]

   It affects your strength (+4).
   It protects you from poison.
   It lets you see invisible.
   It lets you turn invisible.
   It lets you fly.
 Z - the ring "Tairris" (right hand) {rElec rC+ MR+ rCorr Int-4}
   (You found it on level 3 of the Lair of Beasts)

   [ring of resist corrosion]

   It affects your intelligence (-4).
   It protects you from cold.
   It insulates you from electricity.
   It affects your resistance to hostile enchantments.
   It provides partial protection from all sources of acid and corrosion.
Wands
 d - a wand of acid (27)
 g - a wand of iceblast (14)
 F - a wand of clouds (3)
 L - a wand of flame (15)
 X - a wand of paralysis (26)
Scrolls
 i - a scroll of brand weapon {unknown}
 l - 19 scrolls of teleportation
 m - 5 scrolls of magic mapping
 n - 2 scrolls of summoning {unknown}
 u - 6 scrolls of fear
 v - 8 scrolls of identify
 x - 8 scrolls of blinking
 G - 7 scrolls of fog
 H - 14 scrolls of remove curse
 I - 6 scrolls of immolation
 M - 3 scrolls of torment
 N - a scroll of enchant weapon
 P - 2 scrolls of holy word
 R - 6 scrolls of amnesia
 T - 4 scrolls of vulnerability
 W - 5 scrolls of silence
Potions
 b - 7 potions of lignification
 h - 2 potions of flight
 j - 4 potions of haste
 o - 10 potions of curing
 p - 12 potions of heal wounds
 t - 7 potions of stabbing
 w - 2 potions of mutation
 A - 2 potions of ambrosia
 B - a potion of cancellation
 C - 3 potions of might
 K - a potion of resistance
 O - a potion of invisibility
 S - 2 potions of berserk rage
 V - 4 potions of brilliance
Books
 D - a manual of Summonings
Miscellaneous
 s - 2 boxes of beasts
Comestibles
 f - 71 rations
 k - 11 chunks of flesh


   Skills:
 - Level 12.0 Fighting
 O Level 27 Axes
 * Level 24.6 Armour
 - Level 12.9 Dodging
 - Level 20.0 Shields
 - Level 19.0 Invocations
 - Level 10.2 Evocations


You had 24 spell levels left.
You didn't know any spells.
Your spell library contained the following spells:

 Spells                   Type           Power        Failure   Level  Hunger
 Animate Skeleton         Necr           N/A          98%         1    ##.....
 Corona                   Hex            #......      98%         1    ##.....
 Magic Dart               Conj           #...         98%         1    ##.....
 Pain                     Necr           #...         98%         1    ##.....
 Sandblast                Erth           #.....       98%         1    ##.....
 Shock                    Conj/Air       #...         98%         1    ##.....
 Summon Small Mammal      Summ           #...         98%         1    ##.....
 Blink                    Tloc           N/A          99%         2    ###....
 Call Imp                 Summ           #.......     99%         2    ###....
 Corpse Rot               Necr/Air       N/A          99%         2    ###....
 Ensorcelled Hibernation  Hex/Ice        #.....       99%         2    ###....
 Passwall                 Tmut/Erth      #.......     99%         2    ###....
 Poisonous Vapours        Pois/Air       #.....       99%         2    ###....
 Searing Ray              Conj           #.....       99%         2    ###....
 Slow                     Hex            #.......     99%         2    ###....
 Sublimation of Blood     Necr           #.........   99%         2    ###....
 Call Canine Familiar     Summ           #.......     100%        3    ####...
 Confusing Touch          Hex            #.......     100%        3    ####...
 Conjure Flame            Conj/Fire      #.......     100%        3    ####...
 Dazzling Flash           Conj/Hex       #.....       100%        3    ####...
 Gell's Gravitas          Tloc           #.........   100%        3    ####...
 Mephitic Cloud           Conj/Pois/Air  #.......     100%        3    ####...
 Portal Projectile        Hex/Tloc       #.....       100%        3    ####...
 Summon Guardian Golem    Hex/Summ       #.......     100%        3    ####...
 Tukima's Dance           Hex            #.......     100%        3    ####...
 Vampiric Draining        Necr           #.........   100%        3    ####...
 Animate Dead             Necr           N/A          100%        4    #####..
 Cause Fear               Hex            #.........   100%        4    #####..
 Fulminant Prism          Conj/Hex       #.........   100%        4    #####..
 Ice Form                 Ice/Tmut       #.......     100%        4    #####..
 Iskenderun's Mystic Bla  Conj/Tloc      #.......     100%        4    #####..
 Petrify                  Tmut/Erth      #.......     100%        4    #####..
 Summon Ice Beast         Ice/Summ       #.......     100%        4    #####..
 Summon Lightning Spire   Summ/Air       #.......     100%        4    #####..
 Agony                    Necr           #.......     100%        5    ######.
 Bolt of Magma            Conj/Fire/Erth #.........   100%        5    ######.
 Excruciating Wounds      Chrm/Necr      #.........   100%        5    ######.
 Iskenderun's Battlesphe  Conj/Chrm      #.......     100%        5    ######.
 Lee's Rapid Deconstruct  Erth           #.........   100%        5    ######.
 Metabolic Englaciation   Hex/Ice        #.........   100%        5    ######.
 Silence                  Hex/Air        #.........   100%        5    ######.
 Yara's Violent Unravell  Hex/Tmut       #.........   100%        5    ######.
 Death Channel            Necr           #.........   100%        6    #######
 Dispersal                Tloc           #.........   100%        6    #######
 Freezing Cloud           Conj/Ice/Air   #.........   100%        6    #######
 Iron Shot                Conj/Erth      #.........   100%        6    #######
 Ozocubu's Refrigeration  Ice            #.........   100%        6    #######
 Simulacrum               Ice/Necr       #.........   100%        6    #######
 Haunt                    Necr/Summ      #.........   100%        7    #######
 Orb of Destruction       Conj           #.........   100%        7    #######
 Ring of Flames           Chrm/Fire      #.........   100%        7    #######
 Spellforged Servitor     Conj/Summ      #.........   100%        7    #######
 Borgnjor's Revivificati  Necr           #.........   100%        8    #######
 Controlled Blink         Tloc           N/A          100%        8    #######
 Death's Door             Chrm/Necr      #.........   100%        8    #######
 Discord                  Hex            #.........   100%        8    #######
 Disjunction              Tloc           #.........   100%        8    #######
 Infestation              Necr           #.........   100%        8    #######
 Necromutation            Tmut/Necr      #.........   100%        8    #######
 Tornado                  Air            #.........   100%        9    #######


Dungeon Overview and Level Annotations

Branches:
Dungeon (15/15)            Temple (1/1) D:5            Lair (4/6) D:11
 Shoals (4/4) Lair:2        Snake (4/4) Lair:4          Orc (2/2) D:9
    Elf (0/3) Orc:2        Vaults (5/5) D:13          Crypt (0/3) Vaults:3
 Depths (5/5) D:15            Zot (1/5) Depths:5      IceCv (visited)
 WizLab (visited)         Desolation (visited)      Gauntlet (visited)

Altars:
Ashenzari
Cheibriados
Dithmenos
Elyvilon
Fedhas
Gozag
Hepliaklqana
Kikubaaqudgha
Makhleb
Nemelex Xobeh
Okawaru
Qazlal
Ru
Sif Muna
Trog
Uskayaw
Vehumet
Wu Jian
Xom
Yredelemnul
Zin
The Shining One

Shops:
D:9 (   D:10 !!   D:11 [   D:13 *?   D:15 (   Orc:1 (   Orc:2 [:%?   Snake:2 =
Vaults:5 ?%[*}   Depths:1 (   Depths:3 *

Portals:
Hell: Depths:1 Depths:2 Depths:3 Depths:4 Depths:5
Abyss: Depths:1 Depths:4
Pandemonium: Orc:2 Depths:3 Depths:5
Ziggurat: Depths:3
Trove: D:10 (show slimy rune of Zot)

Annotations:
D:5 2 transporters
Lair:1 1 runed translucent door, TotesWizzard's ghost, journeyman DsGl
Shoals:4 3 runed translucent doors, tilp's ghost, adept HOMo


Innate Abilities, Weirdness & Mutations

You are resistant to damage.
You can heal yourself by infusing magical energy.
You resist negative energy. (rN+)
You passively map a large area around you.
You do not regenerate.
You have sharp toenails.
Your mind is acute. (Int +2)
You are clumsy. (Dex -2)
Armour fits poorly on your strangely shaped body.
Potions are less effective at restoring your health.
Your spells are a little easier to cast, but a little less powerful.


Message History

Unknown command.
The orb of fire emits a lurid red light.
The fireball explodes!
The fireball engulfs you!!!!
* * * LOW HITPOINT WARNING * * *
The golden dragon breathes poison at you.
The blast of poison misses you.
Unknown command.
The orb of fire glows yellow.
The fireball explodes!
The fireball engulfs you but does no damage.
Unknown command.
Unknown command.
Unknown command.
Unknown command.
You feel much better.
The orb of fire glows red.
The bolt of fire misses you.
The orb of fire glows yellow.
The fireball explodes!
The fireball engulfs you!!!!
You die...

, , ,
##........,, , ,
##.......... * *
##............
#.............*
#............#*
, #.............
* ,,,,
#...§☼.○......,
,
#..○@○☼○°.....,,
, #..○☼°*°......
#..☼☼○D°......
#...°####.....
,, , #....# *
.... , , #....#
* ... #....#
*#.... #....#
,,* #.... #....#
, #....


You could see an orb of fire and a golden dragon (catching breath).

Vanquished Creatures
  Sojobo (Depths:2)
  Margery (Vaults:4)
  Boris (twice) (Vaults:4 Depths:4)
  Bai Suzhen (Vaults:5)
  Saint Roka (Vaults:4)
  Xtahua (Depths:3)
  4 caustic shrikes (Depths:5)
  Jory (Vaults:4)
  7 golden dragons
  Nikola (Depths:2)
  2 bone dragons (Abyss:1)
  2 tentacled monstrosities
  An Ice Fiend (WizLab)
  4 liches
  Rupert (Vaults:3)
  3 quicksilver dragons
  2 titans (Vaults:5)
  Polyphemus (Shoals:2)
  3 tentacled starspawn
  An ancient champion (Vaults:3)
  2 death cobs (Zot:1)
  2 sphinxes
  Agnes (Vaults:3)
  9 tengu reavers
  5 storm dragons
  7 shadow dragons (Vaults:5)
  A draconian monk (Depths:5)
  Ilsuiw (Shoals:3)
  7 nagarajas
  8 fire giants
  6 deep elf sorcerers
  2 imperial myrmidons (Desolation)
  A draconian scorcher (Depths:5)
  An iron dragon (Vaults:5)
  10 frost giants
  13 vault wardens
  2 balrugs
  2 deep elf elementalists (Vaults:5)
  2 caustic shrike zombies
  3 reapers
  Aizul (Snake:4)
  3 war gargoyles
  A juggernaut skeleton (Depths:1)
  18 ironheart preservers
  15 stone giants
  51 very ugly things
  2 spriggan defenders (Vaults:3)
  4 entropy weavers
  A vampire knight (Depths:3)
  2 green draconians
  4 deep elf demonologists
  Azrael (D:15)
  5 deep elf annihilators
  A black draconian (Zot:1)
  2 halazid warlocks (Desolation)
  3 red draconians
  A lorocyproca (WizLab)
  A purple draconian (Depths:5)
  A yellow draconian (Zot:1)
  A minotaur (Gauntlet)
  4 white draconians
  11 spark wasps
  Snorg (D:13)
  13 ettins
  A green death (WizLab)
  4 deep elf death magi
  3 merfolk javelineers
  3 crystal guardians (Desolation)
  12 fire dragons
  2 blizzard demons
  27 yaktaur captains
  12 merfolk impalers
  6 ragged hierophants (Desolation)
  17 great orbs of eyes
  12 naga warriors
  14 ice dragons
  A monstrous demonspawn (Depths:3)
  17 servants of whispers (Desolation)
  A quicksilver dragon skeleton (Depths:3)
  A deep elf high priest (Vaults:5)
  7 rakshasas
  3 hydras
  2 spriggan air magi
  30 vault guards
  7 merfolk avatars
  7 centaur warriors
  8 peacekeepers (Desolation)
  30 two-headed ogres
  4 merfolk aquamancers (Shoals:4)
  3 satyrs
  13 ogre magi
  17 anacondas
  A dancing weapon (Vaults:5)
  3 death knights
  5 death yaks
  3 tengu warriors
  9 deep troll earth magi
  5 deep troll shamans
  4 orc high priests (Orc:2)
  2 hell hogs (Abyss:1)
  11 naga sharpshooters
  A titan zombie (Vaults:4)
  4 thrashing horrors
  Urug (Lair:4)
  4 hell knights
  5 shock serpents
  4 vampire magi
  4 soul eaters (WizLab)
  An iron troll (Depths:2)
  2 spriggan berserkers
  5 sun demons
  A fire crab (Shoals:3)
  5 wretched stars
  2 salamander mystics
  7 deep elf knights
  A skeletal warrior (Vaults:5)
  2 sixfirhies (Abyss:3)
  A shadow wraith (Vaults:1)
  3 spatial maelstroms (Abyss:1)
  38 deep trolls
  A sea snake (shapeshifter) (Depths:5)
  4 unseen horrors
  8 flayed ghosts
  2 glowing orange brains (shapeshifter)
  A shadow demon (WizLab)
  25 sea snakes
  3 glowing orange brains
  A gelid demonspawn (Orc:2)
  An infernal demonspawn (Orc:2)
  A golden dragon zombie (Depths:3)
  An unseen horror (shapeshifter) (Depths:2)
  7 wizards
  A kraken simulacrum (Shoals:4)
  A torturous demonspawn (Orc:2)
  6 naga ritualists
  17 orc knights
  4 deep elf archers
  4 lindwurms (Lair:3)
  7 necromancers
  19 ironbrand convokers
  4 phantasmal warriors
  11 mana vipers
  7 harpies
  18 deep elf magi
  10 orc sorcerers
  2 shining eyes
  6 cyclopes
  23 fauns
  40 ugly things
  5 wolf spiders
  A sphinx skeleton (Depths:3)
  A human zombie (Vaults:4)
  A moth of wrath (Zot:1)
  12 salamanders
  A worldbinder (Abyss:3)
  A stone giant skeleton (Depths:3)
  8 guardian serpents
  6 elephants
  12 manticores
  18 vault sentinels
  8 smoke demons
  An apocalypse crab (Abyss:1)
  2 frost giant skeletons (Depths:3)
  3 human skeletons
  Maurice (D:8)
  A guardian serpent (shapeshifter) (Vaults:4)
  An ice statue (IceCv)
  3 water nymphs (Shoals:4)
  12 merfolk sirens
  10 naga magi
  3 rust devils
  A molten gargoyle (Vaults:2)
  3 spiny frogs
  Psyche (D:10)
  A gargoyle (D:10)
  3 orange demons
  22 black mambas
  A hellion (Gauntlet)
  A yaktaur zombie (Depths:1)
  4 komodo dragons
  70 yaktaurs
  5 ice devils
  3 rime drakes
  2 hellwings
  5 tengu conjurers
  A redback zombie (D:14)
  A demonic crawler (Abyss:1)
  A komodo dragon (shapeshifter) (Gauntlet)
  9 freezing wraiths
  2 ancient zymes (Abyss:1)
  A queen bee (shapeshifter) (Vaults:2)
  6 trolls
  33 merfolk
  3 meliai
  A jumping spider (shapeshifter) (Depths:2)
  2 jumping spiders (Vaults:2)
  2 queen bees
  A tyrant leech (shapeshifter) (Vaults:5)
  19 polar bears
  A shadow dragon simulacrum (Depths:3)
  6 hornets
  A polar bear (shapeshifter) (Vaults:2)
  5 wind drakes
  5 blink frogs (Lair:3)
  26 slime creatures
  7 raiju (Abyss:3)
  A spriggan zombie (Depths:1)
  76 saltlings
  9 hippogriffs
  A dream sheep (shapeshifter) (Vaults:3)
  A meliai zombie (D:13)
  A wolf spider simulacrum (Gauntlet)
  An ettin zombie (Depths:1)
  3 human simulacra
  A frost giant simulacrum (Depths:1)
  A flying skull (Abyss:1)
  6 snapping turtles
  A fire dragon skeleton (Depths:1)
  An ice dragon skeleton (Depths:1)
  A spriggan (shapeshifter) (Vaults:5)
  A yak (shapeshifter) (D:9)
  A centaur simulacrum (Gauntlet)
  19 water elementals
  A tarantella (shapeshifter) (Gauntlet)
  2 wraiths
  12 fire bats
  An ettin skeleton (Depths:1)
  A hog (shapeshifter) (Vaults:4)
  6 ynoxinuls
  39 yaks
  8 wyverns
  5 redbacks
  33 starcursed masses
  22 large abominations
  4 fire elementals (D:15)
  5 basilisks
  Grum (D:11)
  3 neqoxecs
  A redback simulacrum (Gauntlet)
  4 hungry ghosts
  14 vampire mosquitoes
  A yaktaur simulacrum (Vaults:3)
  5 chaos spawn
  7 spatial vortices (Abyss:1)
  A harpy simulacrum (Gauntlet)
  6 wargs
  A swamp worm (shapeshifter) (Vaults:3)
  3 acid dragons
  A soldier ant (D:13)
  38 nagas
  A floating eye (Depths:4)
  7 water moccasins
  9 porcupines
  A hornet zombie (D:10)
  53 orc warriors
  3 hell hounds
  5 sky beasts
  A black bear (D:7)
  4 ice beasts
  6 phantoms
  26 wolves
  35 centaurs
  9 boggarts
  35 ogres
  17 small abominations
  3 elf skeletons
  9 crocodiles
  A gnoll sergeant (D:10)
  4 big kobolds
  28 bullfrogs
  5 scorpions
  33 killer bees
  11 wights
  4 howler monkeys
  4 electric eels
  13 crimson imps
  6 centaur zombies
  2 jellies
  7 quasits
  31 orc priests
  A wyvern simulacrum (D:15)
  4 bullfrog skeletons
  8 hounds
  7 centaur skeletons
  3 iron imps
  6 iguanas
  Terence (D:3)
  32 orc wizards
  7 worker ants
  A killer bee zombie (D:7)
  A hound zombie (D:5)
  2 hound skeletons (D:10)
  A worker ant zombie (D:9)
  2 howler monkey zombies
  5 gnolls
  18 adders
  4 shadow imps
  9 white imps
  4 ufetubi
  An ooze (D:2)
  3 adder skeletons
  5 worms
  4 dart slugs
  6 leopard geckos
  103 orcs
  2 ball pythons (D:1)
  10 bats
  3 giant cockroaches
  13 hobgoblins
  11 jackals
  7 quokkas
  A frilled lizard (D:2)
  10 goblins
  26 kobolds
  3 quokka zombies
  6 rats
  A butterfly (Abyss:1)
  3 crawling corpses
  A fungus (Lair:1)
  A lurking horror (Abyss:1)
  6 plants
  A starspawn tentacle (Abyss:1)
  A tentacle (Shoals:4)
2338 creatures vanquished.

Vanquished Creatures (collateral kills)
  Louise (Shoals:4)
  A deep elf demonologist (Vaults:5)
  A vault guard (Vaults:5)
  A water nymph (Shoals:4)
4 creatures vanquished.

Vanquished Creatures (others)
  A nagaraja (Snake:4)
  A deep elf high priest (Vaults:5)
  A catoblepas (Shoals:2)
  A merfolk aquamancer (Shoals:2)
  A hell hog (Abyss:1)
  A shadow wraith (Vaults:2)
  2 deep elf magi
  2 naga magi
  A merfolk (Shoals:4)
  2 polar bears (IceCv)
  A yak (IceCv)
  3 wolves (IceCv)
  A boggart (Vaults:1)
  A centaur (D:13)
  An ogre (Depths:1)
  2 orc wizards
  An orc (Orc:1)
  A kobold (D:11)
  A lurking horror (Abyss:3)
  10 plants
  4 starspawn tentacles (Abyss:1)
  A tentacle (Shoals:4)
40 creatures vanquished.

Grand Total: 2382 creatures vanquished

Notes
Turn   | Place    | Note
-------+----------+-------------------------------------------
     0 | D:1      | gruber the Deep Dwarf Fighter began the quest for the Orb.
     0 | D:1      | Reached XP level 1. HP: 20/20 MP: 1/1
   278 | D:1      | Reached skill level 3 in Axes
   278 | D:1      | Reached XP level 2. HP: 25/27 MP: 2/2
   557 | D:2      | Reached XP level 3. HP: 15/33 MP: 3/3
   560 | D:2      | Reached skill level 4 in Axes
   726 | D:2      | Found a sacrificial altar of Ru.
   762 | D:2      | Reached XP level 4. HP: 33/40 MP: 4/4
   864 | D:2      | Reached skill level 5 in Axes
  1236 | D:2      | Found a basalt altar of Yredelemnul.
  1393 | D:3      | Found a snail-covered altar of Cheibriados.
  1690 | D:3      | Noticed a sky beast
  1702 | D:3      | Killed a sky beast
  1702 | D:3      | Reached skill level 6 in Axes
  1702 | D:3      | Reached XP level 5. HP: 24/46 MP: 4/4
  1808 | D:3      | Found a sparkling altar of Nemelex Xobeh.
  2006 | D:3      | Noticed Terence
  2019 | D:3      | Killed Terence
  2019 | D:3      | Reached skill level 7 in Axes
  2019 | D:3      | Reached XP level 6. HP: 23/55 MP: 5/5
  2548 | D:4      | Reached skill level 8 in Axes
  2641 | D:4      | Reached XP level 7. HP: 31/61 MP: 6/6
  2661 | D:4      | Reached skill level 9 in Axes
  3081 | D:5      | Entered Level 5 of the Dungeon
  3114 | D:5      | Found a transporter.
  3195 | D:5      | Found a transporter.
  3200 | D:5      | Reached skill level 10 in Axes
  3207 | D:5      | Found a staircase to the Ecumenical Temple.
  3488 | Temple   | Entered the Ecumenical Temple
  3585 | Temple   | Became a worshipper of Makhleb the Destroyer
  3822 | D:5      | Reached XP level 8. HP: 5/68 MP: 7/7
  4154 | D:6      | Reached skill level 5 in Armour
  4225 | D:6      | Found a shimmering blue altar of Sif Muna.
  4301 | D:6      | Reached * piety under Makhleb
  4487 | D:6      | You fall into a shaft and drop 3 floors!
  4595 | D:9      | Gained mutation: You passively map the area around you.
                  | [Deep Dwarf growth]
  4595 | D:9      | Reached XP level 9. HP: 52/74 MP: 8/8
  4661 | D:9      | Found Jikefan's Antique Weapon Emporium.
  4700 | D:8      | Found a glowing silver altar of Zin.
  4711 | D:8      | Found a radiant altar of Vehumet.
  4761 | D:8      | Noticed a queen bee
  4784 | D:8      | Killed a queen bee
  4784 | D:8      | Reached skill level 10 in Armour
  4990 | D:8      | Reached ** piety under Makhleb
  5112 | D:8      | Found a stormy altar of Qazlal.
  5199 | D:8      | Noticed Maurice
  5208 | D:8      | Killed Maurice
  5208 | D:8      | Reached XP level 10. HP: 60/81 MP: 9/9
  5309 | D:8      | You fall into a shaft and drop 1 floor!
  5765 | D:7      | Reached skill level 5 in Shields
  6189 | D:6      | Reached *** piety under Makhleb
  6608 | D:9      | Found a staircase to the Orcish Mines.
  7267 | D:9      | Reached **** piety under Makhleb
  7302 | D:9      | Reached XP level 11. HP: 43/88 MP: 10/10
  7329 | D:9      | Reached skill level 10 in Shields
  7425 | D:10     | Entered Level 10 of the Dungeon
  7428 | D:10     | Found Viluniq's Distillery.
  7496 | D:10     | Noticed a two-headed ogre
  7500 | D:10     | Bought a potion of berserk rage for 70 gold pieces
  7500 | D:10     | Bought a potion of heal wounds for 70 gold pieces
  7500 | D:10     | Bought a potion of degeneration for 14 gold pieces
  7500 | D:10     | Bought a potion of mutation for 112 gold pieces
  7682 | D:10     | Noticed Psyche
  7700 | D:10     | Killed Psyche
  7709 | D:10     | Killed a two-headed ogre
  7709 | D:10     | Reached skill level 11 in Axes
  7788 | D:10     | Found a portal to a secret trove of treasure.
  8019 | D:10     | Found Ypnub's Distillery.
  8176 | D:10     | Reached skill level 12 in Axes
  8537 | D:11     | Found a frozen archway.
  8538 | D:11     | Noticed an ice dragon
  8581 | D:11     | Reached ***** piety under Makhleb
  8601 | D:11     | Killed an ice dragon
  8601 | D:11     | Reached skill level 13 in Axes
  8625 | IceCv    | Entered an ice cave
  8678 | IceCv    | Reached XP level 12. HP: 69/96 MP: 11/11
  8762 | IceCv    | Found the +4 skin of Zhor {Englaciate rC+++ SInv}
  8823 | IceCv    | Reached skill level 14 in Axes
  9039 | IceCv    | Reached skill level 15 in Axes
  9055 | IceCv    | Noticed a death yak
  9094 | IceCv    | Killed a death yak
  9200 | IceCv    | Noticed a frost giant
  9393 | IceCv    | Reached skill level 5 in Fighting
  9527 | IceCv    | Reached skill level 1 in Dodging
  9643 | IceCv    | Killed a frost giant
  9759 | D:11     | Noticed Grum
  9787 | D:11     | Killed Grum
  9787 | D:11     | Reached skill level 5 in Dodging
 10017 | D:11     | Found Puejetits's Antique Armour Shop.
 10208 | D:11     | Noticed an ogre mage
 10208 | D:11     | Noticed a centaur warrior
 10224 | D:11     | Killed an ogre mage
 10234 | D:11     | Killed a centaur warrior
 10234 | D:11     | Reached XP level 13. HP: 109/109 MP: 12/12
 10350 | D:11     | Found a staircase to the Lair.
 10527 | D:11     | Noticed a frost giant
 10546 | D:11     | Killed a frost giant
 10611 | D:11     | Identified the +2 mace of Toax Ofe {elec, *Corrode rF+++
                  | rC+ MR+}
 10698 | D:11     | Noticed a storm dragon
 10707 | D:11     | Reached skill level 10 in Dodging
 10710 | D:11     | Noticed a frost giant
 10731 | D:11     | Killed a frost giant
 10738 | D:11     | Reached ****** piety under Makhleb
 10750 | D:11     | Killed a storm dragon
 10786 | D:11     | Noticed a war gargoyle
 10790 | D:11     | Killed a war gargoyle
 10833 | D:11     | Noticed a fire giant
 10865 | D:11     | Killed a fire giant
 11593 | D:12     | Reached skill level 5 in Invocations
 11914 | D:13     | Noticed Snorg
 11939 | D:13     | Killed Snorg
 11999 | D:13     | Gained mutation: You resist negative energy. (rN+) [Deep
                  | Dwarf growth]
 11999 | D:13     | Reached XP level 14. HP: 77/117 MP: 16/16
 12091 | D:13     | Found a gate to the Vaults.
 12415 | D:13     | You fall into a shaft and drop 2 floors!
 12415 | D:15     | Entered Level 15 of the Dungeon
 12421 | D:15     | Reached skill level 10 in Invocations
 12421 | D:15     | Noticed Azrael
 12459 | D:15     | Killed Azrael
 13711 | D:13     | Found Zizuol's Magic Scroll Emporium.
 13741 | D:13     | Found Cuj Lueh's Changing Room.
 14509 | D:15     | Noticed a frost giant
 14539 | D:15     | Killed a frost giant
 14553 | D:15     | Reached skill level 15 in Armour
 14604 | D:15     | Found a shadowy altar of Dithmenos.
 14629 | D:15     | Found Repuusot's Antique Weapon Boutique.
 14703 | D:15     | Found a staircase to the Depths.
 15244 | Lair:1   | Entered Level 1 of the Lair of Beasts
 15290 | Lair:1   | Found a gate leading to a gauntlet.
 15299 | Gauntlet | Entered a Gauntlet
 15299 | Gauntlet | Found a transporter.
 15312 | Gauntlet | Found a transporter.
 15312 | Gauntlet | Found a transporter.
 15313 | Gauntlet | Found a transporter.
 15321 | Gauntlet | Found a transporter.
 15324 | Gauntlet | Found a transporter.
 15325 | Gauntlet | Found a transporter.
 15333 | Gauntlet | Found a transporter.
 15336 | Gauntlet | Found a transporter.
 15337 | Gauntlet | Found a transporter.
 15348 | Gauntlet | Found a transporter.
 15349 | Gauntlet | Found a transporter.
 15357 | Gauntlet | Found a transporter.
 15372 | Gauntlet | Noticed a ghost moth
 15372 | Gauntlet | a tyrant leech changed into a ghost moth
 15374 | Gauntlet | Noticed a storm dragon
 15374 | Gauntlet | a ghost moth changed into a storm dragon
 15375 | Gauntlet | Noticed an emperor scorpion
 15375 | Gauntlet | a storm dragon changed into an emperor scorpion
 15379 | Gauntlet | an emperor scorpion changed into a catoblepas
 15382 | Gauntlet | Found a transporter.
 15582 | Gauntlet | Noticed an azure jelly
 15582 | Gauntlet | an alligator snapping turtle changed into an azure jelly
 15592 | Gauntlet | an azure jelly changed into a dire elephant
 15598 | Gauntlet | Noticed an emperor scorpion
 15598 | Gauntlet | a dire elephant changed into an emperor scorpion
 15599 | Gauntlet | Noticed a ghost moth
 15599 | Gauntlet | an emperor scorpion changed into a ghost moth
 15607 | Gauntlet | a ghost moth changed into a death yak
 15877 | Gauntlet | Got a fine hat
 15878 | Gauntlet | Identified the +2 hat of Summer {rF- Dex+5} (You found it
                  | in a Gauntlet)
 16118 | Gauntlet | Reached XP level 15. HP: 47/123 MP: 21/21
 16382 | Lair:1   | Found a runed translucent door.
 16382 | Lair:1   | Found a shimmering altar of Xom.
 16382 | Lair:1   | Noticed TotesWizzard's ghost (journeyman DsGl)
 16723 | D:15     | Bought a steaming morningstar for 234 gold pieces
 16723 | D:15     | Identified the +5 morningstar "Lucetor" {freeze, rPois MR+
                  | Int+2} (You bought it in a shop on level 15 of the Dungeon)
 17234 | Lair:2   | Found a staircase to the Shoals.
 18308 | Lair:3   | Got a clouded brass ring
 18319 | Lair:3   | You fall into a shaft and drop 1 floor!
 18355 | Lair:4   | Identified the ring "Tairris" {rElec rC+ MR+ rCorr Int-4}
                  | (You found it on level 3 of the Lair of Beasts)
 18467 | Lair:4   | Noticed Urug
 18486 | Lair:4   | Killed Urug
 18994 | Lair:3   | Identified the Tome of Evil and the Glacier
 19271 | Lair:4   | Found a staircase to the Snake Pit.
 19813 | Orc:1    | Entered Level 1 of the Orcish Mines
 19974 | Orc:1    | Found Egikesim's Weapon Boutique.
 20257 | Orc:2    | Entered Level 2 of the Orcish Mines
 20539 | Orc:2    | Found a burning altar of Makhleb.
 20602 | Orc:2    | Found a staircase to the Elven Halls.
 20668 | Orc:2    | Found Etwuonux's Magic Scroll Boutique.
 20681 | Orc:2    | Found Pasuthri's Food Shop.
 20760 | Orc:2    | Bought a scroll of enchant weapon for 97 gold pieces
 20849 | Orc:2    | Reached skill level 16 in Axes
 20968 | Orc:2    | Found Dodwiresh's Book Shoppe.
 20968 | Orc:2    | Found Cecvurr's Antique Armour Emporium.
 20970 | Orc:2    | Found a one-way gate leading to the halls of Pandemonium.
 20995 | Orc:2    | Bought a pair of slimy boots for 313 gold pieces
 20995 | Orc:2    | Identified the +0 pair of boots of Hangman {+Fly} (You
                  | bought it in a shop on level 2 of the Orcish Mines)
 21645 | Snake:1  | Entered Level 1 of the Snake Pit
 21679 | Snake:1  | Reached skill level 17 in Axes
 22080 | D:11     | Bought a runed crystal plate armour for 1909 gold pieces
 22322 | Snake:1  | Reached XP level 16. HP: 130/130 MP: 22/22
 23097 | Snake:2  | Reached skill level 18 in Axes
 23154 | Snake:2  | Found Cofufu's Jewellery Shoppe.
 24657 | Snake:4  | Entered Level 4 of the Snake Pit
 24856 | Snake:4  | Reached XP level 17. HP: 138/138 MP: 24/24
 25158 | Snake:4  | Got a serpentine rune of Zot
 25270 | Snake:4  | Noticed Aizul
 25283 | Snake:4  | Killed Aizul
 25283 | Snake:4  | Reached skill level 15 in Invocations
 25547 | Snake:4  | Found a radiant altar of Vehumet.
 25833 | Snake:4  | Identified 2 scrolls of acquirement
 25834 | Snake:4  | Acquired a manual of Summonings
 25835 | Snake:4  | Acquired 750 gold pieces
 25981 | Shoals:1 | Entered Level 1 of the Shoals
 26093 | Shoals:1 | Reached skill level 1 in Evocations
 26167 | Shoals:1 | Reached skill level 5 in Evocations
 26705 | Shoals:2 | Noticed Polyphemus
 26737 | Shoals:2 | Killed Polyphemus
 26796 | Shoals:2 | Reached skill level 10 in Evocations
 27458 | Shoals:3 | Gained mutation: You passively map a large area around you.
                  | [Deep Dwarf growth]
 27458 | Shoals:3 | Reached XP level 18. HP: 145/145 MP: 28/28
 27561 | Shoals:3 | Noticed Ilsuiw
 27604 | Shoals:3 | Killed Ilsuiw
 28134 | Shoals:4 | Entered Level 4 of the Shoals
 28151 | Shoals:4 | Noticed Louise
 28157 | Shoals:4 | Killed Louise
 28238 | Shoals:4 | Found a runed translucent gate.
 28239 | Shoals:4 | Found a runed translucent gate.
 28239 | Shoals:4 | Noticed tilp's ghost (adept HOMo)
 28240 | Shoals:4 | Found a runed translucent gate.
 28328 | Shoals:4 | Got a barnacled rune of Zot
 28865 | Shoals:4 | Got a transparent granite ring
 29446 | Vaults:1 | Entered Level 1 of the Vaults
 29672 | Vaults:1 | Identified the ring "Yreux" {rPois EV+4 Dex+2} (You found
                  | it on level 4 of the Shoals)
 30763 | Vaults:2 | Reached XP level 19. HP: 168/168 MP: 30/30
 30811 | Vaults:2 | Reached skill level 10 in Fighting
 30857 | Vaults:2 | Found a ruined gateway.
 30878 | Desolati | Entered the Desolation of Salt
 31018 | Desolati | Identified Vehumet's Disquisition on Conjuration
 31028 | Desolati | Found the +7 Kryia's mail coat {PotionHeal*2 rC+}
 31029 | Desolati | Found the +6 Majin-Bo {vamp, Archmagi MP+6 Int+6}
 31035 | Desolati | Got a transparent chain mail
 31044 | Desolati | Got a faintly glowing amethyst amulet
 31387 | Desolati | Got a smoking jade ring
 31388 | Desolati | Identified the Handbook of the Special Runes
 31392 | Desolati | Got a steaming silver ring
 31400 | Desolati | Got a steaming glass ring
 31607 | Desolati | Got a transparent hand axe
 31615 | Desolati | Got a pair of heavily runed gloves
 31628 | Desolati | Identified the -4 pair of gloves of the End {+Fly MR-
                  | Slay+2} (You found it in the Desolation of Salt)
 32427 | Vaults:2 | Reached XP level 20. HP: 180/183 MP: 31/31
 32877 | Vaults:2 | Reached skill level 15 in Shields
 32952 | Vaults:2 | Identified the +10 hand axe of Autumn {pain, rF+ rC- Str+4}
                  | (You found it in the Desolation of Salt)
 33319 | Vaults:3 | Noticed Agnes
 33335 | Vaults:3 | Killed Agnes
 33346 | Vaults:3 | Noticed Rupert
 33363 | Vaults:3 | Killed Rupert
 33371 | Vaults:3 | Found a staircase to the Crypt.
 34064 | Vaults:4 | Noticed Saint Roka
 34092 | Vaults:4 | Killed Saint Roka
 34194 | Vaults:4 | Noticed Boris
 34201 | Vaults:4 | Killed Boris
 34228 | Vaults:4 | Noticed Margery
 34260 | Vaults:4 | Killed Margery
 34260 | Vaults:4 | Reached XP level 21. HP: 93/190 MP: 32/32
 34261 | Vaults:4 | Found a magical portal.
 34279 | WizLab   | Entered Doroklohe's Tomb
 34663 | Vaults:4 | Identified the amulet "Noetoeci" {Reflect Str+3 Dex+7 SH+5}
                  | (You found it in the Desolation of Salt)
 35242 | Vaults:4 | Noticed Jory
 35282 | Vaults:4 | Killed Jory
 36192 | Depths:1 | Entered Level 1 of the Depths
 36273 | Depths:1 | Found Dali Vomm's Weapon Shop.
 36417 | Depths:1 | Found a one-way gate to the infinite horrors of the Abyss.
 36468 | Depths:1 | Reached XP level 22. HP: 198/198 MP: 32/32
 36537 | Depths:1 | Found a gateway to Hell.
 36958 | Depths:2 | Noticed Sojobo
 37002 | Depths:2 | Killed Sojobo
 37165 | Depths:2 | Got a bound marble ring
 37200 | Depths:2 | Identified the ring of Fedhas's Fury {+Blink rF+ MP+9
                  | Slay-4} (You found it on level 2 of the Depths)
 37201 | Depths:2 | Identified the ring of the Firefly {Dex+2 Stlth+} (You
                  | found it in the Desolation of Salt)
 38690 | Depths:2 | Noticed Nikola
 38703 | Depths:2 | Killed Nikola
 38835 | Depths:3 | Found a gateway to a ziggurat.
 39004 | Depths:3 | Noticed Xtahua
 39025 | Depths:3 | Reached skill level 19 in Axes
 39034 | Depths:3 | Killed Xtahua
 39144 | Depths:3 | Identified the ring "Quts" {Ice rN+ MR+ Dex+4} (You found
                  | it in the Desolation of Salt)
 39145 | Depths:3 | Identified the ring of Tiutau {+Inv +Fly rPois Str+4 SInv}
                  | (You found it in the Desolation of Salt)
 39179 | Depths:3 | Found Emihaffo's Assorted Antiques.
 39185 | Depths:3 | Bought a glowing cloak for 127 gold pieces
 39232 | Depths:3 | Identified the Compendium of the Rocks and Feathers
 39430 | Depths:3 | Reached XP level 23. HP: 205/205 MP: 33/33
 39454 | Depths:3 | Reached skill level 20 in Axes
 39733 | Depths:4 | Identified the amulet "Teoshoxt" {RegenMP Int+4 SInv}
 39751 | Depths:4 | Got a bloodstained helmet
 39752 | Depths:4 | Identified the +0 helmet of the Bagpipe {+Inv Int+4 Slay-2}
                  | (You found it on level 4 of the Depths)
 39811 | Depths:4 | Reached skill level 21 in Axes
 39856 | Depths:4 | Noticed Boris
 39875 | Depths:4 | Killed Boris
 40075 | Depths:4 | Found the +9 staff of Olgreb {rPois∞}
 40150 | Depths:4 | You fall into a shaft and drop 1 floor!
 40150 | Depths:5 | Entered Level 5 of the Depths
 40155 | Depths:5 | Noticed a caustic shrike
 40155 | Depths:5 | Noticed a caustic shrike
 40155 | Depths:5 | Noticed a caustic shrike
 40155 | Depths:5 | Noticed a caustic shrike
 40168 | Depths:5 | Killed a caustic shrike
 40183 | Depths:5 | Reached skill level 22 in Axes
 40184 | Depths:5 | Killed a caustic shrike
 40188 | Depths:5 | Killed a caustic shrike
 40189 | Depths:5 | Killed a caustic shrike
 40882 | Depths:5 | Reached skill level 23 in Axes
 41067 | Depths:5 | Reached XP level 24. HP: 179/213 MP: 33/33
 41525 | Depths:5 | Acquired the +2 pair of gloves "Veczy" {Str+4}
 41774 | Depths:5 | Found a gate to the Realm of Zot.
 41924 | Depths:4 | Voluntarily entered the Abyss.
 41968 | Abyss:1  | Gained mutation: Armour fits poorly on your strangely
                  | shaped body. [a shining eye]
 41972 | Abyss:1  | Gained mutation: Scrolls take you a little longer to read.
                  | [a shining eye]
 41974 | Abyss:1  | Lost mutation: Armour fits poorly on your strangely shaped
                  | body. [potion of mutation]
 41974 | Abyss:1  | Lost mutation: Scrolls take you a little longer to read.
                  | [potion of mutation]
 41974 | Abyss:1  | Gained mutation: Your magical capacity is low. (-10% MP)
                  | [potion of mutation]
 41974 | Abyss:1  | Gained mutation: You possess an exceptional clarity of
                  | mind. [potion of mutation]
 42076 | Abyss:1  | Reached skill level 24 in Axes
 42291 | Abyss:1  | Found a corrupted altar of Lugonu.
 42344 | Abyss:1  | Paralysed by accursed screaming for 1 turns
 42481 | Abyss:1  | Found an opulent altar of Gozag.
 42488 | Abyss:1  | Gained mutation: Armour fits poorly on your strangely
                  | shaped body. [a neqoxec]
 42666 | Abyss:1  | Paralysed by accursed screaming for 1 turns
 43213 | Abyss:3  | Reached skill level 25 in Axes
 43271 | Abyss:3  | Gained mutation: You are clumsy. (Dex -2) [a shining eye]
 43272 | Abyss:3  | Gained mutation: Scrolls take you a little longer to read.
                  | [a shining eye]
 43274 | Abyss:3  | Gained mutation: You are very clumsy. (Dex -4) [a shining
                  | eye]
 43278 | Abyss:3  | Lost mutation: Scrolls take you a little longer to read.
                  | [potion of mutation]
 43278 | Abyss:3  | Lost mutation: You possess an exceptional clarity of mind.
                  | [potion of mutation]
 43278 | Abyss:3  | Gained mutation: You have sharp toenails. [potion of
                  | mutation]
 43278 | Abyss:3  | Gained mutation: You have a pair of small horns on your
                  | head. [potion of mutation]
 43279 | Abyss:3  | Lost mutation: You have a pair of small horns on your head.
                  | [potion of mutation]
 43279 | Abyss:3  | Lost mutation: You are very clumsy. (Dex -4) [potion of
                  | mutation]
 43279 | Abyss:3  | Lost mutation: Your magical capacity is low. (-10% MP)
                  | [potion of mutation]
 43279 | Abyss:3  | Lost mutation: You are clumsy. (Dex -2) [potion of
                  | mutation]
 43279 | Abyss:3  | Gained mutation: Potions are less effective at restoring
                  | your health. [potion of mutation]
 43279 | Abyss:3  | Gained mutation: You possess an exceptional clarity of
                  | mind. [potion of mutation]
 43279 | Abyss:3  | Gained mutation: Your mind is acute. (Int +2) [potion of
                  | mutation]
 43575 | Depths:4 | Escaped the Abyss
 43810 | Vaults:5 | Entered Level 5 of the Vaults
 43896 | Vaults:5 | Noticed Bai Suzhen
 43916 | Vaults:5 | Killed Bai Suzhen
 43928 | Vaults:5 | Reached skill level 26 in Axes
 43950 | Vaults:5 | Reached XP level 25. HP: 189/220 MP: 33/33
 44065 | Vaults:5 | Reached skill level 27 in Axes
 44721 | Vaults:5 | Got a silver rune of Zot
 44778 | Vaults:5 | Found Ivaixoem's Assorted Antiques.
 44785 | Vaults:5 | Bought a potion of might for 156 gold pieces
 44891 | Vaults:5 | Found Ojois's Gadget Shop.
 44925 | Vaults:5 | Found Raetre's Antique Armour Shoppe.
 45034 | Vaults:5 | Found Miwy's Food Shop.
 45056 | Vaults:5 | Found Raraumm's Magic Scroll Shoppe.
 45093 | Vaults:5 | Found Rekyrr's Food Boutique.
 45557 | Zot:1    | Entered Level 1 of the Realm of Zot
 46378 | Zot:1    | Noticed an orb of fire
 46379 | Zot:1    | Gained mutation: You are clumsy. (Dex -2) [an orb of fire]
 46388 | Zot:1    | Gained mutation: Your spells are a little easier to cast,
                  | but a little less powerful. [an orb of fire]
 46393 | Zot:1    | Lost mutation: You possess an exceptional clarity of mind.
                  | [an orb of fire]
 46402 | Zot:1    | Killed from afar by an orb of fire

Illustrated notes

Levels and vault maps discovered:
D:1:      minmay_arrival_three_doors, layout_loops_ring, minmay_pentomino_v4
D:2:      minmay_angry_zag, layout_basic, lemuel_coloured_pillars_altar,
          first_ration, hangedman_ru_absence
D:3:      layout_basic, overflow_temple_1_default, nemelex_lonely_heart_becter,
          uniq_terence
D:4:      layout_gridville
D:5:      gammafunk_cloud_chamber, layout_loops_ring, minmay_temple_entry_tees,
          minmay_misc_feat_iff
D:6:      layout_basic, lemuel_doored_altar, portal_sewer_entry_e
D:7:      layout_loops_cross, minmay_misc_feat_secret_circle
D:8:      layout_rooms, vehumet_altar_wand_db, grunt_qazlal_sundering,
          zin_academy, nicolae_two_hexagons, david_nohive_1, uniq_maurice
D:9:      kennysheep_windowed_halls, layout_loops_ring, erik_orc_3,
          serial_shops, nicolae_shop_statue_plus
D:10:     layout_basic, serial_shops, shop_statue, shop_fountains,
          enter_trove_6, uniq_psyche
D:11:     minmay_tearing_corner, layout_basic, lair_entry_dummy,
          portal_ice_cave_entry_animals_and_master, serial_shops,
          nicolae_shop_overgrown_old_shop, billiards_dpeg, uniq_grum
D:12:     layout_irregular_city, water_boxes_lemuel
D:13:     layout_long_grid, hangedman_vaults_entry_quadrant_bands, serial_shops,
          shop_statue, minmay_crystal_water, nicolae_transmutations_shop,
          uniq_snorg
D:14:     layout_basic, hangedman_decor_diamond_cutter, minmay_nine_imps
D:15:     grunt_enter_depths_snipers, layout_basic, serial_shops,
          nicolae_shop_statue_plus, nicolae_dithmenos_shadow_blocks,
          chequers_serial_rivers_micro_a, nicolae_looking_at_the_future,
          uniq_azrael
Temple:   eino_temple_rhombus
Lair:1:   layout_cave_pods, ebering_ghost_xom, gauntlet_entry_generic,
          grunt_forest_stairs_basic, cheibrodos_lair_reptile_den
Lair:2:   layout_cellular_growth, elwin_shoals_entry_rocks, minivault_23,
          beast_lair_carwin_1, grunt_megastairs_4
Lair:3:   layout_chaotic_city, minmay_lindwurm_lava
Lair:4:   layout_roguey, dummy_snake_entry, fungi_pond_lemuel,
          grunt_megastairs_5, serial_bayou_shore_a, uniq_urug
Shoals:1: layout_shoals, centaur_isle
Shoals:2: layout_shoals, uniq_polyphemus
Shoals:3: layout_shoals, hangedman_shoal_volcano, uniq_ilsuiw
Shoals:4: shoals_end_grunt_ice, layout_shoals, ebering_ghost_rock_garden,
          uniq_louise
Snake:1:  layout_onion_interference
Snake:2:  layout_layer_cave, serial_shops, nicolae_shop_crystal
Snake:3:  layout_onion
Snake:4:  grunt_snake_rune_pools, layout_gridlike, basic_altar,
          grunt_ministairs_9, grunt_megastairs_3, uniq_aizul
Orc:1:    layout_caves, serial_shops, nicolae_shop_statue_plus
Orc:2:    pf_orc_diabolical, layout_diamond_mine, basic_altar
Vaults:1: vaults_mumra_chevron, hangedman_vaults_slither, v_alt_pattern_4,
          vaults_room_large_hall, nicolae_vaults_hallways_thing, v_pattern_5,
          ontoclasm_vaults_ligature, vaults_room_door_ring,
          nicolae_vaults_angled_halls, nicolae_vaults_yaktaur_gun_rack,
          vaults_room_grunt_arrival_ludios, grunt_vaults_focal,
          nicolae_vaults_holding_cells, ontoclasm_vaults_loading_screen,
          nicolae_vaults_alarming, layout_vaults_big_cross
Vaults:2: v_misc_4, v_pattern_3, vaults_mumra_minichess, v_rooms_1,
          grunt_vaults_bifocal, vaults_room_stairs_pillars, v_misc_23,
          ontoclasm_vaults_pinch, ontoclasm_vaults_bender, v_misc_3,
          nicolae_vaults_branching_niches, layout_vaults_maze,
          portal_desolation_entry_nicolae_nacl
Vaults:3: nicolae_vaults_little_ls, ontoclasm_vaults_misaligned,
          minmay_crypt_entry_simple_sparse, v_misc_29,
          nicolae_vaults_network_quinsquares
          [nicolae_vaults_network_quincunx_subvault,
          nicolae_vaults_network_quincunx_subvault,
          nicolae_vaults_network_quincunx_subvault,
          nicolae_vaults_network_quincunx_subvault], vaults_dpeg_encased_lava,
          sword_in_stone, layout_vaults_big_room
Vaults:4: nicolae_vaults_circle_grid_a, v_misc_15, grunt_vaults_hallway_short,
          v_misc_26, nicolae_vaults_circle_grid_a, vaults_room_large_hall,
          vaults_dpeg_spiral, nicolae_vaults_network_periphery,
          vaults_room_fours, vaults_room_pools, v_misc_14, v_misc_19, v_misc_4,
          nicolae_vaults_c_with_doors, layout_vaults_omnibox,
          infiniplex_enter_wizlab_water, uniq_margery, uniq_saint_roka,
          uniq_boris, uniq_jory
Vaults:5: uniq_bai_suzhen
Depths:1: layout_cave_pools, abyss_entry, minmay_misc_feat_enclosed,
          serial_shops, shop, grunt_hell_entry_dis_old,
          serial_sigils_hangedman_gnaw, lemuel_flamethrower_2
Depths:2: nooodl_glass_maze, layout_basic, nicolae_benzene_ring,
          lightli_too_deep, infiniplex_staircase_spiral_double, uniq_sojobo,
          uniq_nikola
Depths:3: kennysheep_room_grid, layout_cave_shapes, enter_ziggurat_a,
          grunt_pan_entry_in_and_out, hell_entry,
          chequers_serial_rivers_micro_b, minmay_shop_star, uniq_xtahua
Depths:4: minmay_cut_squares, layout_basic, hell_entry, abyss_entry_crystal,
          hangedman_decor_lopped, serial_bayou_pond_c
Depths:5: grunt_zot_entry_hairpin, layout_small_grid, grunt_pan_entry_spiral,
          hell_entry, chequers_serial_rivers_micro_e, serial_bayou_shore_b,
          infiniplex_staircase_pool_lava
Zot:1:    layout_onion

Skill      XL: |  1  2  3  4  5  6  7  8  9 10 11 12 13 14 15 16 17 18 19 20 21 22 23 24 25 |
---------------+----------------------------------------------------------------------------+-----
Axes           | 3 4 6 7 8 10 13 15 17 18 19 23 26 27 | 27.0
Armour         | 4 9 12 13 15 17 19 21 23 24 | 24.6
Shields        | 9 10 14 18 20 | 20.0
Fighting       | 5 9 12 | 12.0
Dodging        | 7 12 | 12.9
Invocations    | 6 11 12 16 19 | 19.0
Evocations     | 10 | 10.2

Action                   |  1- 3 |  4- 6 |  7- 9 | 10-12 | 13-15 | 16-18 | 19-21 | 22-24 | 25-27 || total
-------------------------+-------+-------+-------+-------+-------+-------+-------+-------+-------++-------
Melee: War axe           |    80 |   253 |   349 |  1299 |  1742 |       |       |       |       ||  3723
       Broad axe         |       |       |       |       |   498 |  1391 |  1493 |  1602 |   348 ||  5332
       Morningstar       |       |       |       |       |     9 |   216 |       |       |       ||   225
Throw: Javelin           |       |       |       |       |       |       |       |     1 |       ||     1
Invok: Lesser Servant of |       |       |       |       |     2 |       |       |       |       ||     2
       Greater Servant o |       |       |       |       |       |     1 |       |     2 |       ||     3
 Abil: Heal Wounds       |     1 |     2 |     4 |     5 |     6 |     1 |     2 |       |     1 ||    22
       Evoke Flight      |       |       |       |       |       |    27 |       |     1 |       ||    28
Evoke: Wand              |       |     3 |     4 |     8 |     3 |       |       |       |       ||    18
  Use: Scroll            |       |     8 |       |     2 |    22 |    15 |     3 |     9 |       ||    59
       Potion            |       |       |     2 |     1 |     2 |     2 |       |     3 |       ||    10
 Stab: Distracted        |       |       |       |     1 |       |       |     2 |       |       ||     3
       Confused          |       |       |       |       |     7 |       |       |     1 |       ||     8
  Eat: Chunk             |       |     6 |    10 |    28 |    28 |    34 |    20 |    18 |       ||   144
       Ration            |       |       |       |       |     5 |       |       |     4 |     2 ||    11
Armor: Scale mail        |    47 |    33 |       |       |       |       |       |       |       ||    80
       Chain mail        |       |    40 |       |       |       |       |       |       |       ||    40
       Plate armour      |       |    64 |   201 |   549 |   667 |       |       |       |       ||  1481
       Animal skin       |       |       |       |    34 |       |       |       |       |       ||    34
       Crystal plate arm |       |       |       |       |     6 |   763 |   420 |   342 |    98 ||  1629
Dodge: Dodged            |    36 |    70 |   148 |   453 |   919 |   570 |   486 |   443 |   133 ||  3258
Block: Kite shield       |    42 |   172 |   250 |  1161 |  1946 |  1533 |  1178 |   100 |       ||  6382
       Reflection        |       |       |       |    18 |    58 |   229 |    60 |    75 |    19 ||   459
       Tower shield      |       |       |       |       |       |       |       |  1547 |   429 ||  1976
